 Dungeon Crawl Stone Soup version 0.31-a0-188-g5e087ee2ca (webtiles) character file.

Game seed: 8624601626706295188

102 qw the Shooter (level 4, 0/25 HPs)
             Began as a Deep Elf Hunter on June 23, 2023.
             Slain by Sigmund
             ... wielding a +0 scythe
              (2 damage)
             ... on level 3 of the Dungeon.
             The game lasted 00:00:34 (1677 turns).

qw the Shooter (Deep Elf Hunter)                    Turns: 1677, Time: 00:00:34

Health: 0/25       AC:  5    Str: 10    XL:     4   Next: 50%
Magic:  6/6        EV: 12    Int: 14    God:
Gold:   83         SH:  0    Dex: 18    Spells: 3/3 levels left

rFire   . . .        Y - +0 shortbow
rCold   + . .        (shield currently unavailable)
rNeg    . . .        c - +0 leather armour
rPois   .            (no helmet)
rElec   .            i - +0 cloak
rCorr   .            d - +0 pair of gloves
SInv    .            (no boots)
Will    .....        (no amulet)
Stlth   ++           g - ring of protection from cold
HPRegen 0.24/turn    (no ring)
MPRegen 0.10/turn

%: no passive effects
@: no status effects
A: no striking features
a: no special abilities


You were on level 3 of the Dungeon.
You visited 1 branch of the dungeon, and saw 3 of its levels.

You collected 83 gold pieces.


   Skills:
 - Level 1.5 Fighting
 + Level 7.9 Ranged Weapons
 - Level 2.4 Dodging
 - Level 1.2 Stealth


You had 3 spell levels left.
You didn't know any spells.
Your spell library was empty.

Inventory:

Hand Weapons
 Y - a +0 shortbow (weapon)
Armour
 c - a +0 leather armour (worn)
 d - a +0 pair of gloves (worn)
 i - a +0 cloak (worn)
Jewellery
 g - a ring of protection from cold (left hand)
Scrolls
 a - a scroll of immolation {unknown}
 f - a scroll of identify
 h - a scroll of teleportation
Potions
 b - a potion of resistance
 e - a potion of might
 j - 2 potions of curing

Dungeon Overview and Level Annotations

Branches:
Dungeon (3/15)

Altars:

Shops:
D:1 :

Annotations:
D:3 Sigmund


Message History

The gnoll hits you with a +0 whip.
You shoot an arrow. The arrow hits the gnoll!
The gnoll is severely wounded.
The gnoll hits you but does no damage.
You shoot an arrow. The arrow closely misses the gnoll.
A worm comes into view.
The gnoll barely misses you.
You shoot an arrow. The arrow hits the gnoll.
You kill the gnoll!
A magic dart appears from out of thin air!
The magic dart hits you.
1661 ||| FLEEEEING.
1662 ||| FLEEEEING.
1663 ||| FLEEEEING.
Enter note:
1664 ||| STILL FLEEEEING.
Enter note:
1665 ||| STILL FLEEEEING.
Enter note:
1666 ||| STILL FLEEEEING.
1667 ||| STILL FLEEEEING.
1668 ||| STILL FLEEEEING.
1669 ||| STILL FLEEEEING.
1670 ||| STILL FLEEEEING.
Enter note:
1671 ||| STILL FLEEEEING.
1672 ||| STILL FLEEEEING.
Enter note: You shoot an arrow.
You shoot an arrow.
A puff of flame appears from out of thin air!
The puff of flame hits you.
You shoot an arrow. You shoot an arrow.
You hear some strange, mumbled words.
A puff of flame appears from out of thin air!
The puff of flame hits you.
You shoot an arrow. Something hits you.
You die...

#............# #.#.##.......#
####.#.##.......#
#....#.##......##
#.####.#####.### #.#.....#
#.##### #.#....:# #.#...
#.#.....# ##.#.######
##.#.....###@.........
#..................###
#######..........{....#
#..................##....
#.#####.........#...###########
#.........................
#.####.....#..#.##..###.#
#.##.#........#.##..##
#.#..#........###8(.8## #


There were no monsters in sight!

Vanquished Creatures
  4 gnolls (D:3)
  3 adders (D:2)
  4 endoplasms
  4 giant cockroaches (D:2)
  3 goblins
  6 hobgoblins
  4 ball pythons
  3 bats
  3 frilled lizards
  2 kobolds
  3 rats
39 creatures vanquished.

Notes
Turn   | Place    | Note
-------+----------+-------------------------------------------
     0 | D:1      | qw the Deep Elf Hunter began the quest for the Orb.
     0 | D:1      | Reached XP level 1. HP: 12/12 MP: 3/3
     0 | D:1      | 0 ||| qw: Version: 0.3-a-9-g12657ce
     0 | D:1      | 0 ||| qw: Game counter: 3399
     0 | D:1      | 0 ||| qw: Always use a shield: true
     0 | D:1      | 0 ||| qw: God list: Okawaru
     0 | D:1      | 0 ||| qw: Allow faded altars: false
     0 | D:1      | 0 ||| qw: Do Orc after D:15 true
     0 | D:1      | 0 ||| qw: Do second Lair branch before Depths: true
     0 | D:1      | 0 ||| qw: Lair rune preference: random
     0 | D:1      | 0 ||| qw: Plans: Normal
     0 | D:1      | 0 ||| PLANNING D:1-11
   253 | D:1      | Found Eziggef's Book Emporium.
   368 | D:1      | Reached XP level 2. HP: 16/16 MP: 4/4
   377 | D:1      | Reached skill level 6 in Ranged Weapons
   534 | D:1      | Found a faded altar of an unknown god.
   534 | D:1      | Noticed a hell beast
   852 | D:1      | 852 ||| UPGRADING to +0 cloak.
   857 | D:1      | 857 ||| READING scroll labelled GOEMUE TUHIEBB.
   860 | D:1      | 860 ||| READING 3 scrolls labelled RUBBAL DEELE.
   861 | D:1      | 861 ||| READING scroll labelled JAARAV TYNEMOTTU.
   862 | D:1      | 862 ||| DRINKING 2 bubbling orange potions.
   887 | D:1      | 887 ||| DRINKING 2 emerald potions.
   888 | D:1      | 888 ||| READING 2 scrolls of identify.
   888 | D:1      | 888 ||| IDENTIFYING puce potion
   889 | D:1      | 889 ||| DROPPING scroll of butterflies.
   890 | D:1      | 890 ||| DROPPING potion of lignification.
   891 | D:1      | 891 ||| DROPPING potion of degeneration.
   969 | D:2      | Reached XP level 3. HP: 20/20 MP: 5/5
  1093 | D:2      | Identified the +0 robe "Wungiez" {+Blink}
  1194 | D:2      | Reached skill level 7 in Ranged Weapons
  1510 | D:2      | 1510 ||| DROPPING +0 robe "Wungiez" {+Blink}.
  1511 | D:2      | 1511 ||| UPGRADING to +0 pair of gloves.
  1516 | D:2      | 1516 ||| UPGRADING to ring of protection from cold.
  1517 | D:2      | 1517 ||| DRINKING 2 metallic puce potions.
  1518 | D:2      | 1518 ||| READING 2 scrolls of identify.
  1518 | D:2      | 1518 ||| IDENTIFYING grey potion
  1650 | D:3      | Reached XP level 4. HP: 25/25 MP: 6/6
  1650 | D:3      | 1650 ||| Stepping ~*~*~tactically~*~*~ (outnumbered).
  1655 | D:3      | Noticed Sigmund
  1661 | D:3      | 1661 ||| FLEEEEING.
  1662 | D:3      | 1662 ||| FLEEEEING.
  1663 | D:3      | 1663 ||| FLEEEEING.
  1674 | D:3      | HP: 5/25 [something/puff of flame (5)]
  1676 | D:3      | HP: 2/25 [something/puff of flame (4)]
  1677 | D:3      | Slain by Sigmund

Levels and vault maps discovered:
D:1:      onia_arrival_pyramid, layout_loops_corners,
          dreamdust_ecumenical_altar_sealed_demon, serial_shops, shop,
          minmay_crystal_water
D:2:      layout_loops_cross, kennysheep_nub
D:3:      layout_basic, st_stairs_6, chequers_serial_rivers_marsh, uniq_sigmund

Skill      XL: |  1  2  3 |
---------------+----------+-----
Ranged Weapons | 6 7 |  7.9
Fighting       | |  1.5
Dodging        | |  2.4
Stealth        | |  1.2

Action                     |  1- 3 |  4- 6 || total
---------------------------+-------+-------++-------
   Fire: Shortbow          |    87 |    15 ||   102
    Use: Scroll            |     5 |       ||     5
         Potion            |     3 |       ||     3
 Armour: Leather armour    |     5 |     1 ||     6
  Dodge: Dodged            |    23 |     6 ||    29

Table legend:
 A = Non-vault XP
 B = Vault XP
 C = Vault XP percentage of total XP
 D = Non-vault monster count
 E = Vault monster count
 F = Vault count percentage of total count
                 A         B        C        D         E       F
            +---------+---------+-------+---------+---------+-------
      Total |     145 |       2 |   1.4 |      38 |       1 |   2.6
            +---------+---------+-------+---------+---------+-------
        D:1 |      21 |       0 |   0.0 |      13 |       0 |   0.0
        D:2 |      62 |       0 |   0.0 |      17 |       0 |   0.0
        D:3 |      62 |       2 |   3.1 |       8 |       1 |  11.1
            +---------+---------+-------+---------+---------+-------
